 Dungeon Crawl Stone Soup version 0.31-a0-188-g5e087ee2ca (webtiles) character file.

Game seed: 7268728569808004079

103 runemasterragnar the Trooper (level 4, -3/38 HPs)
             Began as a Demonspawn Monk on June 23, 2023.
             Was a Plaything of Xom.
             Killed by nerve-wracking pain
             ... invoked by an orc priest
              (6 damage)
             ... on level 3 of the Dungeon.
             The game lasted 00:03:12 (1805 turns).

runemasterragnar the Trooper (Demonspawn Monk)      Turns: 1805, Time: 00:03:13

Health: -3/38      AC:  9    Str: 12    XL:     4   Next: 51%
Magic:  5/5        EV: 12    Int: 13    God:    Xom [......]
Gold:   108        SH:  4    Dex: 15    Spells: 4/5 levels left

rFire   . . .        e - +2 dagger (protect)
rCold   . . .        (no shield)
rNeg    . . .        a - +0 robe
rPois   .            (no helmet)
rElec   .            (no cloak)
rCorr   .            (no gloves)
SInv    .            (no boots)
Will    .....        (no amulet)
Stlth   +            f - ring of wizardry
HPRegen 0.26/turn    (no ring)
MPRegen 0.09/turn

%: wizardry (x1)
@: under a protective aura, slowed, invisible, very slow
A: hooves 1, condensation shield
a: Renounce Religion


You were on level 3 of the Dungeon.
You worshipped Xom.
You were a very special plaything of Xom.
You visited 1 branch of the dungeon, and saw 3 of its levels.

You collected 108 gold pieces.

Inventory:

Hand Weapons
 e - a +2 dagger of protection (weapon)
Armour
 a - a +0 robe (worn)
 c - an orb of light
Magical Staves
 j - a staff of death
 k - a staff of fire
Jewellery
 f - a ring of wizardry (left hand)
Wands
 l - a wand of iceblast (3)
Scrolls
 g - 2 scrolls of immolation
 h - 3 scrolls of identify {unknown}
 i - a scroll of fog {unknown}
 m - a scroll of poison {unknown}


   Skills:
 + Level 4.3 Fighting
 - Level 2.6 Dodging
 - Level 2.6 Unarmed Combat
 + Level 1.2 Spellcasting
 * Level 2.2 Conjurations


You had 4 spell levels left.
You knew the following spells:

 Your Spells              Type           Power      Damage    Failure   Level
a - Magic Dart            Conj           24%        1d4       4%          1

Your spell library contained the following spells:

 Spells                   Type           Power      Damage    Failure   Level
 Kiss of Death            Conj/Necr      12%        2d6       8%          1
 Freeze                   Ice            0%         1d3       12%         1
 Call Imp                 Summ           0%         N/A       16%         2
 Cigotuvi's Dreadful Rot  Necr/Pois/Air  0%         N/A       16%         2
 Hailstorm                Conj/Ice       3%         3d3       21%         3
 Mephitic Cloud           Conj/Pois/Air  2%         N/A       24%         3
 Confusing Touch          Hex            0%         N/A       32%         3
 Frozen Ramparts          Ice            0%         1d1       32%         3
 Ignite Poison            Fire/Tmut/Pois 0%         N/A       32%         3
 Dispel Undead            Necr           0%         3d6       69%         4
 Freezing Cloud           Conj/Ice/Air   1%         6-21      89%         5


Dungeon Overview and Level Annotations

Branches:
Dungeon (3/15)

Altars:
Xom

Annotations:
D:3 Natasha


Innate Abilities, Weirdness & Mutations

You have large cloven feet.
A meltable shield of frost defends you. (SH +4)


Message History

Natasha attacks as you move away! Natasha closely misses you.
The orc priest calls down the wrath of Beogh upon something.
Natasha struggles to resist.
You hit the orc priest but do no damage.
The orc priest is severely wounded.
Natasha closely misses you.
The orc priest mumbles some strange prayers to Beogh against you.
Pain shoots through your body!
You hit the orc priest.
You kick the orc priest, but do no damage.
The orc priest is almost dead.
Natasha claws you.
* * * LOW HITPOINT WARNING * * *
The orc priest hits you with a +0 short sword.
* * * LOW HITPOINT WARNING * * *
You strike the helpless orc priest from behind!
You hit the orc priest but do no damage.
You kick the orc priest, but do no damage.
The orc priest is almost dead.
Natasha casts a spell at you.
You feel yourself slow down. The orc priest barely misses you.
The orc misses you.
You feel better. Natasha claws you.
* * * LOW HITPOINT WARNING * * *
The orc priest hits you with a +0 short sword.
* * * LOW HITPOINT WARNING * * *
Natasha stares at you and mumbles some strange words.
You feel as though you will be slow longer.
As you read the scroll labelled ILYRUN IDARA, it crumbles to dust.
The creatures around you are filled with an inner flame!
It was a scroll of immolation.
The orc priest barely misses you. The orc hits you but does no damage.
Natasha claws you.
* * * LOW HITPOINT WARNING * * *
Something hits you but does no damage.
Deactivating autopickup; reactivate with Ctrl-A.
The orc barely misses you.
The orc priest mumbles some strange prayers to Beogh against you.
Pain shoots through your body!
You die...
Xom cackles wildly!

#......# ##.#........
#.###..# #<#...#..## #.###..#
#.#..##(.# #.#....#
#.#..##..# #.#.##.#
#........##
#......###############.######
###.##....................# #
#.##.#####.o#####..#.##.# #
#........h@.#####..#..#.# #
####.##.#o..##..........# #
#...........##..##.#.# #
#.####.#........##.#.### #o#
#!########......... #.. ..#
####.##### ### ### ####.#####
#......... #.#####.##


You could see an orc priest (inner flame, unable to see you), Natasha (inner
flame) and an orc (inner flame, unable to see you).

Vanquished Creatures
  5 adders
  A dart slug (D:2)
  2 orcs
  5 endoplasms
  2 giant cockroaches (D:1)
  4 hobgoblins
  4 jackals (D:2)
  4 kobolds
  A quokka (D:1)
  6 ball pythons
  6 bats
  A frilled lizard (D:1)
  3 goblins
  8 rats
52 creatures vanquished.

Vanquished Creatures (collateral kills)
  A kobold (D:2)
1 creature vanquished.

Grand Total: 53 creatures vanquished

Notes
Turn   | Place    | Note
-------+----------+-------------------------------------------
     0 | D:1      | runemasterragnar the Demonspawn Monk began the quest for
                  | the Orb.
     0 | D:1      | Reached XP level 1. HP: 18/18 MP: 1/1
   126 | D:1      | Gained mutation: A meltable shield of frost defends you.
                  | (SH +4) [demonic ancestry]
   126 | D:1      | Reached XP level 2. HP: 15/24 MP: 2/2
   297 | D:1      | Found a faded altar of an unknown god.
   309 | D:1      | Prayed at the altar of an unknown god.
   309 | D:1      | Became a worshipper of Xom of Swiftly Tilting Intent
   413 | D:1      | Reached skill level 4 in Fighting
   613 | D:1      | Learned a level 1 spell: Magic Dart
   627 | D:2      | XOM: noise
   637 | D:2      | Gained mutation: You have large cloven feet. [demonic
                  | ancestry]
   637 | D:2      | Reached XP level 3. HP: 21/30 MP: 1/3
   741 | D:2      | XOM: cast spell 'Summon Ice Beast'
   746 | D:2      | Reached skill level 1 in Conjurations
   884 | D:2      | XOM: noise
  1224 | D:2      | Reached XP level 4. HP: 37/37 MP: 5/5
  1227 | D:2      | Reached skill level 1 in Spellcasting
  1279 | D:2      | XOM: cloud trail
  1770 | D:3      | Noticed Natasha
  1775 | D:3      | XOM: noise
  1805 | D:3      | Killed from afar by an orc priest

Illustrated notes

Levels and vault maps discovered:
D:1:      eino_arrival_cavern_c, layout_basic, ebering_ecumenical_altar_hall,
          skrybe_limestone_x
D:2:      layout_loops_ring
D:3:      layout_loops_cross, serial_shops, nicolae_shop_window_shopping,
          uniq_natasha

Skill      XL: |  1  2  3  4 |
---------------+-------------+-----
Fighting       | 4 |  4.3
Conjurations   | 1 2 |  2.2
Spellcasting   | 1 |  1.2
Dodging        | |  2.6
Unarmed Combat | |  2.6

Action                     |  1- 3 |  4- 6 || total
---------------------------+-------+-------++-------
  Melee: Unarmed           |    22 |       ||    22
         Dagger            |    79 |    46 ||   125
         Kick              |     9 |    15 ||    24
   Cast: Magic Dart        |     9 |     3 ||    12
    Use: Potion            |       |     4 ||     4
         Scroll            |       |     1 ||     1
   Stab: Invisible         |       |     2 ||     2
 Armour: Robe              |    26 |    18 ||    44
  Dodge: Dodged            |    69 |    53 ||   122
  Block: Orb               |    13 |     7 ||    20
         Other             |       |     2 ||     2

Table legend: (Time is in decaauts)
 A = Elapsed time spent in this place.
 B = Non-inter-level travel time spent in this place.
 C = Inter-level travel time spent in this place.
 D = Time resting spent in this place.
 E = Time spent auto-exploring this place.
 F = Levels seen in this place.
 G = Mean time per level.
                   A        B        C        D        E       F      G
               +--------+--------+--------+--------+--------+-----+--------+
         Total |   1802 |   1685 |    117 |      0 |   1331 |   3 |  600.7 |
       Dungeon |   1802 |   1685 |    117 |      0 |   1331 |   3 |  600.7 |
               +--------+--------+--------+--------+--------+-----+--------+

Top non-repeatable levels by time:
     D:2: 928 daAuts
     D:1: 624 daAuts
     D:3: 249 daAuts
